 Dungeon Crawl Stone Soup version 0.27.0-1-g7a08968 (webtiles) character file.

Game seed: 9709761806078160376

167 Illumine the Shield-Bearer (level 5, 0/43 HPs)
             Began as a Formicid Fighter on Aug 27, 2021.
             Succumbed to an orc warrior's poison
             ... on level 3 of the Dungeon.
             The game lasted 00:02:04 (2638 turns).

Illumine the Shield-Bearer (Formicid Fighter)       Turns: 2638, Time: 00:02:05

Health: 0/43       AC:  6    Str: 21    XL:     5   Next: 76%
Magic:  5/5        EV:  8    Int:  8    God:
Gold:   172        SH:  9    Dex: 10    Spells: 4/4 levels left

rFire    . . .     SeeInvis +   a - +0 trident
rCold    . . .     Faith    .   c - +0 kite shield
rNeg     . . .     Spirit   .   b - +0 scale mail
rPois    .         Reflect  .   (helmet unavailable)
rElec    .         Harm     .   (no cloak)
rCorr    +         Rampage  .   (no gloves)
Will     .....                  (no boots)
Stlth    ..........             (no amulet)
HPRegen  0.14/turn              m - ring of resist corrosion
MPRegen  0.09/turn              (no ring)

@: lethally poisoned (0 -> -17)
A: permanent stasis, dig shafts and tunnels, antennae 3, four strong arms
a: Dig, Shaft Self


You were on level 3 of the Dungeon.
You visited 1 branch of the dungeon, and saw 3 of its levels.

You collected 172 gold pieces.

Inventory:

Hand Weapons
 a - a +0 trident (weapon)
Missiles
 e - a throwing net
 h - 31 bolts
 k - 2 silver boomerangs
Armour
 b - a +0 scale mail (worn)
 c - a +0 kite shield (worn)
Jewellery
 m - a ring of resist corrosion (left hand)
Scrolls
 g - a scroll of fear {unknown}
 j - 2 scrolls of silence {unknown}
 l - a scroll of teleportation {unknown}
 n - a scroll of acquirement {unknown}
 p - a scroll of magic mapping {unknown}
 r - a scroll of fog {unknown}
 s - a scroll of noise {unknown}
 t - a scroll of identify {unknown}
Potions
 d - a potion of might
 f - a potion of heal wounds {unknown}
 i - 2 potions of flight {unknown}
 o - 3 potions of lignification {unknown}
 q - a potion of haste {unknown}


   Skills:
 + Level 4.3 Fighting
 * Level 4.1 Polearms
 - Level 3.2 Armour
 + Level 4.7 Shields


You had 4 spell levels left.
You didn't know any spells.
Your spell library contained the following spells:

 Spells                   Type           Power      Damage    Failure   Level
 Corona                   Hex            0%         N/A       96%         1
 Ensorcelled Hibernation  Hex/Ice        0%         N/A       99%         2
 Tukima's Dance           Hex            0%         N/A       100%        3


Dungeon Overview and Level Annotations

Branches:
Dungeon (3/15)

Altars:
Fedhas

Shops:
D:3 (

Annotations:
D:2 Robin


Innate Abilities, Weirdness & Mutations

You cannot be hasted, slowed, berserked, paralysed or teleported.
You can dig through walls and to a lower floor.
You have a pair of large antennae on your head. (SInv)
Your four strong arms can wield two-handed weapons with a shield.


Message History

The orc hits you but does no damage.
You puncture the orc!
You kill the orc!
You hit the orc but do no damage. You block the orc's attack.
You closely miss the orc. The orc hits you but does no damage.
You block the orc's attack.
You hit the orc.
The orc is severely wounded.
The orc barely misses you.
You closely miss the orc.
The orc is severely wounded.
You block the orc's attack.
You barely miss the orc.
The orc is severely wounded.
The orc barely misses you.
You hit the orc but do no damage.
The orc is severely wounded.
The orc hits you but does no damage. The orc barely misses you.
You hit the orc.
You kill the orc!
No target in view!
An orc warrior comes into view. It is wielding a +2 halberd of venom.
The orc warrior shouts!
Found a shiny ruby ring.
Items here: ))) [.
An orc warrior is nearby!
An orc warrior is nearby!
You reach to attack!
You completely miss the orc warrior. You block the orc warrior's attack.
An orc warrior is nearby!
You reach to attack!
You closely miss the orc warrior.
The orc warrior hits you from afar with a +2 halberd of venom!!
You are lethally poisoned!
You block the orc warrior's attack.
You feel very sick. You block the orc warrior's attack.
You feel very sick.
The orc warrior hits you from afar with a +2 halberd of venom!
* * * LOW HITPOINT WARNING * * *
You die...

##..# #.......#
#.###.......## .#.##
#>......####.####.......#
...#
#....(.)................#
..)#
#.......##.######.......#
...# #>......##.#
##.....## ...#
#########..# ##.....##
..## #.## #.......# ..##
######)#### #.......#
...# #.....@...#
#.....<.# ...#
#.........# ##.))).##
...# #.........# ##.<รท##
..## #.....o...# #####
.## #.........# ##
#.........# #........=#
###########


You could see an orc warrior.

Vanquished Creatures
  An orc priest (D:3)
  Jessica (D:3)
  Terence (D:3)
  An adder (D:3)
  A worm (D:2)
  2 dart slugs (D:3)
  7 orcs (D:3)
  3 ball pythons
  3 endoplasms
  2 giant cockroaches (D:1)
  7 goblins
  5 hobgoblins
  7 jackals
  4 kobolds (D:1)
  4 quokkas
  4 bats
  2 frilled lizards
  5 rats
60 creatures vanquished.

Notes
Turn   | Place    | Note
-------+----------+-------------------------------------------
     0 | D:1      | Illumine the Formicid Fighter began the quest for the Orb.
     0 | D:1      | Reached XP level 1. HP: 18/18 MP: 1/1
    60 | D:1      | Reached XP level 2. HP: 18/24 MP: 2/2
   641 | D:1      | Reached XP level 3. HP: 27/29 MP: 3/3
   749 | D:1      | Found a faded altar of an unknown god.
  1037 | D:2      | Noticed Robin
  1524 | D:3      | Noticed Terence
  1533 | D:3      | Killed Terence
  1534 | D:3      | Reached XP level 4. HP: 9/37 MP: 4/4
  1823 | D:3      | Noticed Jessica
  1828 | D:3      | Killed Jessica
  1853 | D:3      | Reached XP level 5. HP: 20/42 MP: 5/5
  2319 | D:3      | Found Sirorr's Antique Weapon Boutique.
  2508 | D:3      | Found a blossoming altar of Fedhas.
  2631 | D:3      | Noticed an orc warrior
  2638 | D:3      | Succumbed to an orc warrior's poison

Illustrated notes

Levels and vault maps discovered:
D:1:      wheals_arrival_linesprint, layout_rooms,
          shapermc_ecumenical_altar_flowoftime, hangedman_decor_points
D:2:      layout_rooms, uniq_robin
D:3:      layout_rooms, fedhas_altar_4, serial_shops, shop, uniq_terence,
          uniq_jessica

Skill      XL: |  1  2  3  4  5 |
---------------+----------------+-----
Shields        | 4 |  4.7
Polearms       | 3 4 |  4.1
Fighting       | 4 |  4.3
Armour         | |  3.2

Action                   |  1- 3 |  4- 6 || total
-------------------------+-------+-------++-------
Melee: Trident           |    91 |   102 ||   193
  Use: Potion            |     1 |       ||     1
Armor: Scale mail        |    37 |    26 ||    63
Dodge: Dodged            |    24 |    21 ||    45
Block: Kite shield       |    44 |    40 ||    84
